Map: At Eternity's Edge LE

Players

SortOf

  • Race: Zerg Zerg
  • League: Grandmaster

llllllllllll - Winner!

  • Race: Protoss Protoss
  • League: Grandmaster

VOD

Have the link to the VOD?

Description

Time

  • Played on: Aug. 16, 2026, 6:26 a.m.
  • Length: 19:04
Show
View Real Time Build Order
Export as new Build Order

SortOf Zerg 

Build Orders: Hatch First, Lurkers 

Get SALT Encoding   

  8  0:00  Drone  
  9  0:10  Drone  
  10  0:17  Drone  
  11  0:27  Overlord  
  11  0:32  Drone  
  12  0:46  Drone  
  13  0:59  Drone x2  
  13  1:03  Drone  
  16  1:16  Hatchery  
  15  1:20  Drone  
  15  1:24  Drone  
  17  1:31  Drone  
  18  1:39  Extractor  
  17  1:43  Spawning Pool  
  16  1:47  Drone  
  16  1:51  Drone  
  18  2:01  Drone  
  19  2:10  Drone  
  20  2:21  Overlord  
  20  2:30  Queen x2  
  24  2:40  Drone x3  
  24  2:43  Drone  
  28  2:48  Metabolic Boost  
  28  2:52  Zergling x2  
  28  2:54  Drone  
  30  3:00  Overlord  
  30  3:03  Drone  
  31  3:12  Zergling x2  
  32  3:17  Queen  
  34  3:21  Drone x3  
  37  3:32  Hatchery  
  36  3:35  Overlord  
  36  3:39  Drone  
  36  3:40  Drone  
  38  3:48  Zergling x4  
  40  3:53  Queen, Overlord  
  42  3:56  Drone  
  42  4:01  Drone x3  
  46  4:06  Overlord  
  46  4:10  Queen  
  46  4:13  Drone  
  52  4:17  Zergling x6  
  52  4:21  Zergling x2  
  52  4:24  Zergling x4  
  52  4:29  Drone x3  
  59  4:38  Zergling x4  
  57  4:48  Roach Warren  
  57  4:51  Drone x6  
  61  4:54  Drone x4  
  61  4:55  Extractor  
  61  4:56  Overlord  
  61  4:59  Overlord  
  64  5:06  Overlord, Lair  
  63  5:10  Extractor  
  61  5:19  Zergling x14  
  66  5:25  Zergling x8  
  70  5:30  Zergling x2  
  70  5:33  Zergling x2  
  69  5:40  Overlord  
  69  5:41  Roach x4  
  77  5:46  Roach x3  
  83  5:51  Overlord x2  
  83  5:52  Drone  
  84  5:58  Overlord  
  84  6:01  Evolution Chamber  
  81  6:05  Drone x4, Glial Reconstitution  
  81  6:10  Zergling x8  
  85  6:14  Drone  
  85  6:15  Drone x2  
  87  6:22  Drone x3  
  89  6:26  Zergling x10  
  89  6:31  Hydralisk Den  
  89  6:32  Zerg Melee Weapons Level 1  
  93  6:34  Drone x2  
  93  6:37  Overlord  
  95  6:41  Extractor  
  92  6:47  Zergling x14  
  92  6:51  Zergling x2  
  97  6:55  Zergling x8  
  97  6:58  Zergling x2  
  92  7:01  Grooved Spines  
  92  7:06  Hydralisk x2, Hatchery  
  92  7:08  Hydralisk  
  86  7:15  Hydralisk x2  
  92  7:17  Hydralisk  
  92  7:21  Drone x2  
  92  7:24  Hydralisk  
  92  7:27  Zergling x12  
  100  7:34  Hydralisk x2  
  104  7:38  Drone x3  
  107  7:45  Drone x5  
  107  7:47  Extractor  
  111  7:51  Overseer  
  111  7:52  Overlord  
  111  7:54  Muscular Augments  
  111  7:56  Hydralisk  
  111  7:57  Zergling x8  
  111  7:58  Baneling Nest, Extractor  
  116  7:59  Overlord  
  114  8:06  Hydralisk  
  114  8:12  Drone x2  
  118  8:16  Hydralisk  
  118  8:17  Zergling x12  
  126  8:21  Drone x4  
  126  8:26  Zerg Missile Weapons Level 1  
  130  8:28  Drone x3  
  133  8:37  Overseer  
  133  8:44  Centrifugal Hooks, Hydralisk  
  133  8:45  Hydralisk x4  
  133  8:48  Overlord  
  141  8:49  Drone x2  
  141  8:51  Overlord x4  
  141  8:53  Extractor  
  142  9:00  Overlord  
  142  9:05  Infestation Pit  
  141  9:10  Baneling x12  
  141  9:13  Drone x11  
  149  9:20  Drone x7  
  155  9:26  Zergling x10  
  155  9:28  Baneling x5  
  160  9:34  Baneling x11  
  160  9:35  Zergling x4  
  157  9:42  Extractor  
  157  9:44  Zergling x6  
  158  9:50  Hive, Zergling x4, Hatchery  
  158  9:52  Zergling x6  
  160  9:59  Zergling x16  
  166  10:05  Spine Crawler  
  166  10:06  Lurker Den  
  164  10:10  Zergling x14  
  168  10:19  Zergling x20  
  168  10:20  Zergling x2  
  173  10:24  Zergling x8  
  168  10:34  Hydralisk x8  
  173  10:39  Hydralisk x2  
  173  10:40  Zergling x2  
  169  10:44  Hydralisk x3  
  169  10:45  Hydralisk  
  169  10:48  Hydralisk  
  169  10:49  Hydralisk  
  173  10:54  Hydralisk x3  
  158  11:01  Hydralisk x4  
  160  11:04  Seismic Spines  
  160  11:06  Unknown  
  160  11:07  Lurker, Baneling  
  160  11:09  Baneling, Zergling x8  
  162  11:14  Baneling x4  
  162  11:16  Drone x3  
  162  11:17  Zergling x6  
  168  11:22  Zergling x10  
  168  11:24  Overlord  
  173  11:28  Adrenal Glands  
  173  11:31  Lurker  
  163  11:45  Drone x3  
  163  11:46  Drone x2  
  152  11:48  Zergling x12  
  152  11:51  Lurker x4  
  161  11:55  Spine Crawler  
  161  11:57  Spine Crawler  
  161  11:58  Drone x4  
  161  11:59  Zergling x20  
  171  12:01  Zerg Melee Weapons Level 2  
  171  12:03  Spine Crawler, Adaptive Talons  
  171  12:08  Zergling x10  
  172  12:09  Lurker  
  172  12:12  Lurker  
  173  12:18  Baneling x9  
  173  12:20  Zergling x14  
  176  12:30  Zergling x4  
  176  12:31  Lurker x2  
  176  12:33  Hydralisk  
  176  12:34  Zergling x2  
  181  12:39  Zergling x10  
  181  12:40  Zergling x2  
  181  12:44  Hydralisk  
  181  12:47  Hydralisk x2  
  181  12:48  Hydralisk x3  
  182  12:52  Hydralisk x2  
  182  12:56  Zergling x8  
  186  13:00  Zergling x6  
  186  13:05  Hydralisk x2  
  172  13:07  Hydralisk  
  172  13:08  Zergling x4  
  158  13:13  Hydralisk x2  
  158  13:15  Hydralisk  
  158  13:19  Hydralisk  
  153  13:21  Hydralisk  
  153  13:22  Hydralisk  
  153  13:26  Overseer  
  150  13:27  Hydralisk  
  150  13:32  Hydralisk  
  150  13:33  Unknown  
  151  13:34  Hydralisk x2  
  151  13:37  Hydralisk x2  
  147  13:46  Hydralisk x4  
  135  13:49  Zergling x2  
  133  13:56  Drone x2  
  133  13:57  Drone x2  
  133  13:59  Zergling x14  
  133  14:02  Lurker  
  145  14:03  Lurker  
  145  14:04  Lurker  
  145  14:05  Zergling x4  
  145  14:07  Viper  
  152  14:12  Lurker x2  
  152  14:13  Zergling x8  
  152  14:15  Lurker  
  159  14:20  Zergling x10  
  164  14:25  Lurker  
  164  14:26  Lurker  
  166  14:31  Lurker  
  166  14:36  Zergling x10  
  166  14:37  Hatchery  
  162  14:49  Zergling x26  
  172  14:52  Zerg Missile Weapons Level 2  
  172  14:55  Zergling x6  
  168  15:11  Viper x3  
  166  15:34  Hydralisk x15  
  175  15:38  Zergling x4  
  163  15:45  Hydralisk x4  
  166  15:53  Ultralisk Cavern, Zergling x2  
  160  16:04  Hydralisk x6  
  160  16:09  Zergling x6  
  175  16:15  Overlord x2  
  175  16:17  Overlord  
  175  16:20  Overlord  
  175  16:27  Overlord  
  175  16:28  Overlord  
  175  16:29  Overlord, Overseer  
  175  16:30  Overseer x2  
  172  16:37  Hydralisk Den  
  171  16:40  Zergling x18  
  178  16:55  Zergling x24  
  178  16:57  Infestor  
  178  16:58  Drone  
  187  17:07  Drone x3  
  182  17:27  Zergling x18  
  153  17:37  Zergling x18  
  153  17:43  Overseer  
  153  17:44  Drone x4  
  166  17:58  Zergling x16  
  159  18:07  Zergling x2  
  159  18:12  Zergling x12  
  162  18:14  Queen x2  
  162  18:16  Infestor x2  
  162  18:17  Ultralisk Cavern  
  165  18:21  Hydralisk Den  
  165  18:26  Zergling x16  
  143  18:33  Roach x3  
  143  18:34  Roach x2  
Show
View Real Time Build Order
Export as new Build Order

llllllllllll Protoss - Winner!

Build Orders: Double Forge 

Get SALT Encoding   

  8  0:01  Probe (Chrono Boost)  
  9  0:13  Probe (Chrono Boost)  
  10  0:17  Probe (Chrono Boost)  
  11  0:28  Pylon  
  11  0:33  Probe  
  12  0:46  Probe  
  13  0:58  Probe (Chrono Boost)  
  14  1:10  Probe (Chrono Boost)  
  15  1:15  Probe (Chrono Boost)  
  16  1:24  Probe  
  17  1:31  Nexus  
  17  1:44  Gateway  
  17  1:46  Probe  
  18  1:58  Probe  
  19  2:01  Assimilator  
  19  2:04  Assimilator  
  19  2:10  Probe  
  20  2:22  Probe  
  21  2:33  Cybernetics Core  
  21  2:43  Probe x2 (Chrono Boost)  
  23  2:44  Gateway  
  26  2:52  Probe x2 (Chrono Boost)  
  26  2:57  Probe x2 (Chrono Boost)  
  26  2:58  Pylon  
  29  3:09  Probe x2  
  29  3:10  Adept  
  31  3:19  Warp Gate  
  31  3:21  Probe (Chrono Boost)  
  31  3:22  Probe (Chrono Boost)  
  33  3:30  Adept  
  33  3:34  Probe (Chrono Boost)  
  37  3:39  Probe (Chrono Boost)  
  37  3:42  Probe (Chrono Boost), Forge  
  37  3:46  Probe (Chrono Boost)  
  39  3:49  Probe  
  39  3:53  Pylon  
  40  4:03  Nexus  
  40  4:04  Pylon  
  40  4:06  Sentry  
  42  4:11  Probe, Sentry  
  42  4:12  Probe  
  42  4:14  Protoss Ground Weapons Level 1  
  46  4:23  Probe  
  46  4:24  Probe, Forge  
  48  4:29  Pylon  
  48  4:35  Probe  
  49  4:41  Probe  
  48  4:48  Probe  
  48  4:50  Assimilator  
  48  4:51  Assimilator  
  49  4:54  Protoss Ground Armor Level 1 (Chrono Boost)  
  49  4:56  Probe  
  54  5:00  Probe  
  54  5:05  Pylon  
  55  5:08  Probe, Adept (Chrono Boost)  
  55  5:09  Adept (Chrono Boost)  
  55  5:13  Probe  
  55  5:16  Gateway x2, Adept x2 (Chrono Boost)  
  54  5:26  Probe x2  
  56  5:31  Twilight Council  
  56  5:32  Adept x2 (Chrono Boost)  
  58  5:36  Probe  
  58  5:38  Probe  
  58  5:44  Stalker x2  
  58  5:47  Probe  
  58  5:48  Pylon  
  63  5:51  Probe x2  
  65  5:58  Stalker x2  
  65  5:59  Probe  
  65  6:03  Probe  
  72  6:11  Probe  
  72  6:13  Nexus  
  72  6:17  Protoss Ground Weapons Level 2 (Chrono Boost)  
  72  6:19  Pylon  
  72  6:27  Blink  
  72  6:34  Shield Battery  
  72  6:37  Pylon  
  72  6:39  Pylon  
  72  6:44  Probe  
  73  6:49  Stalker x3  
  73  6:50  Stalker  
  77  6:59  Protoss Ground Armor Level 2 (Chrono Boost), Probe  
  77  7:00  Probe  
  65  7:11  Probe  
  65  7:12  Probe  
  67  7:21  Stalker x4  
  75  7:24  Probe x2  
  77  7:30  Templar Archives  
  77  7:34  Probe  
  77  7:36  Probe x2  
  80  7:44  Pylon  
  80  7:46  Probe  
  80  7:48  Probe x2  
  80  7:50  Stalker x4  
  91  7:58  Probe  
  92  8:00  Gateway  
  92  8:01  Gateway  
  92  8:02  Psionic Storm  
  92  8:10  Nexus  
  92  8:11  Pylon  
  92  8:18  High Templar  
  94  8:21  Gateway  
  94  8:29  Photon Cannon, Probe x3  
  94  8:30  Photon Cannon  
  97  8:35  Assimilator  
  97  8:38  Shield Battery  
  97  8:41  Probe x2  
  99  8:45  High Templar, Probe  
  102  8:50  Zealot x2  
  102  8:51  Charge  
  102  8:53  Probe  
  107  9:01  Photon Cannon  
  107  9:03  Shield Battery  
  107  9:04  Zealot, Photon Cannon  
  107  9:06  Probe  
  110  9:10  Photon Cannon  
  110  9:18  Zealot x4  
  110  9:22  Protoss Ground Weapons Level 3 (Chrono Boost), Protoss Ground Armor Level 3 (Chrono Boost)  
  118  9:26  Nexus  
  118  9:30  Pylon  
  118  9:38  Zealot x2  
  118  9:45  Gateway  
  122  9:48  Gateway  
  122  9:50  Gateway, Probe  
  122  9:51  Pylon  
  123  9:59  High Templar  
  125  10:00  High Templar, Zealot x4  
  125  10:04  Archon  
  125  10:05  Pylon  
  135  10:07  Pylon  
  135  10:09  Pylon  
  131  10:24  Stalker x3  
  131  10:25  Stalker x2  
  102  10:43  Probe  
  102  10:47  Zealot x9  
  102  10:48  Zealot  
  102  10:49  Probe x2  
  119  10:55  Probe  
  119  10:56  Pylon  
  108  10:58  Probe  
  108  11:01  Probe x2  
  111  11:07  Probe  
  112  11:12  Stargate, Zealot  
  112  11:13  Zealot x9, Stargate  
  112  11:16  Photon Cannon  
  132  11:18  Photon Cannon  
  132  11:22  Photon Cannon  
  130  11:30  Photon Cannon  
  128  11:32  Shield Battery  
  128  11:38  Zealot x2  
  128  11:39  Zealot x6  
  144  11:45  Zealot x2  
  129  11:58  Fleet Beacon  
  129  12:01  Oracle x2 (Chrono Boost)  
  128  12:10  Zealot x5  
  128  12:11  High Templar x2  
  128  12:13  Zealot x3  
  148  12:27  Shield Battery  
  140  12:30  Photon Cannon  
  140  12:42  Tempest x2 (Chrono Boost)  
  138  12:46  Nexus  
  138  12:47  Pylon  
  154  12:53  Archon  
  154  12:57  Mothership  
  146  13:01  Zealot x5  
  146  13:02  Zealot x5  
  140  13:18  Tempest  
  118  13:21  Tempest  
  118  13:27  Stalker x5  
  118  13:28  Zealot x2  
  126  13:44  Zealot x2  
  126  13:45  Zealot  
  114  13:56  Zealot x7, Protoss Shields Level 1 (Chrono Boost)  
  114  13:57  Probe  
  114  13:58  Probe, Assimilator  
  114  14:01  Tempest  
  134  14:09  Photon Cannon  
  134  14:11  Photon Cannon  
  134  14:13  Shield Battery  
  134  14:14  High Templar x2  
  134  14:15  Shield Battery  
  134  14:16  Probe, Pylon  
  139  14:26  High Templar x2  
  139  14:27  Zealot x4  
  139  14:28  Probe  
  152  14:36  Tempest  
  156  14:40  Probe  
  153  14:52  Probe  
  134  15:12  Zealot x5  
  134  15:13  Zealot x5  
  134  15:14  Tempest  
  148  15:18  Assimilator  
  148  15:19  Tempest, Assimilator  
  156  15:22  Archon  
  154  15:31  Archon  
  148  15:35  Protoss Air Weapons Level 1  
  136  15:45  Mothership  
  136  15:47  Zealot x10  
  146  16:05  Nexus  
  146  16:07  Pylon  
  146  16:10  High Templar x3, Pylon  
  152  16:14  Assimilator x2  
  152  16:28  Zealot x6  
  152  16:29  Zealot  
  162  16:40  Robotics Facility  
  162  16:41  Robotics Facility  
  162  16:45  Pylon  
  152  16:53  Zealot x7  
  152  16:54  Zealot x3  
  160  16:57  Photon Cannon  
  160  16:59  Photon Cannon  
  160  17:00  Photon Cannon  
  162  17:02  Photon Cannon  
  162  17:03  Photon Cannon  
  162  17:05  Shield Battery  
  162  17:06  Shield Battery  
  162  17:08  Shield Battery  
  156  17:12  Pylon  
  156  17:15  Oracle x2 (Chrono Boost)  
  158  17:18  High Templar x4  
  134  17:41  Tempest x2 (Chrono Boost), Immortal (Chrono Boost)  
  134  17:42  Immortal (Chrono Boost)  
  140  18:12  Zealot x8  
  144  18:13  Zealot x2  
  144  18:17  Tempest  
  144  18:19  Immortal (Chrono Boost)  
  159  18:23  Archon x2  
  155  18:29  Immortal (Chrono Boost)  
  153  18:36  Stalker x8  
  153  18:37  Stalker  
  153  18:40  High Templar  
  173  19:00  Zealot  
  173  19:01  Zealot x4  
  173  19:02  Zealot x2  
  185  19:03  Zealot  
Tags
 
Add a new tag
Caveats
  • Supply blocks, unpowered buildings, or Contaminate may cause inaccurate times.
  • Supply counts are checked every 10 seconds.